AoeStats
← ecerva.27

Lombardia

507898828Analyzed
2v2 RM · 13d ago on Sep 20, 2026· 52m 18s· 4 players
Game mode
Random Map
Map size
Medium (4 player)
Population
200
Speed
Normal
Resources
Standard
Victory
Conquest
Starting age
Dark Age
Ending age
Imperial Age
RankedLock teamsTeams togetherTeam positionsShared explorationLock speedFull tech treeHidden civsTurbo modeCheats
Victory
Defeat
🇺🇸 Khmer · United States
1218
+18
🇦🇺 Vikings · Australia
1190
+19
1288
-20
🇲🇽 Bohemians · Mexico
1220
-17
BigD12plus
10:09 Feudal Age
10:32 Loom
16:20 Double-Bit Axe
16:18 Horse Collar
20:07 Castle Age
19:01 Bloodlines
19:18 Scale Barding Armor
19:24 Forging
25:06 Husbandry
25:31 Bow Saw
25:49 Chain Barding Armor
31:06 Heavy Plow
31:54 Wheelbarrow
31:04 Town Watch
33:41 Iron Casting
33:53 Gold Mining
34:26 Hand Cart
33:38 Light Cavalry
37:23 Imperial Age
36:42 Stone Mining
37:43 Hussar
37:51 Heavy Scorpion
39:32 Plate Barding Armor
39:58 Blast Furnace
43:47 Ballistics
46:49 Chemistry
50:53 Conscription
51:25 Double Crossbow
Chris2faa
13:07 Feudal Age
16:13 Double-Bit Axe
18:22 Loom
21:37 Castle Age
20:14 Gold Mining
21:20 Fletching
21:54 Padded Archer Armor
21:40 Crossbowman
22:42 Bodkin Arrow
24:21 Ballistics
23:51 Horse Collar
26:16 Leather Archer Armor
33:55 Bow Saw
38:53 Imperial Age
39:14 Arbalester
39:57 Bracer
41:33 Conscription
42:05 Bogsveigar
43:18 Ring Archer Armor
43:53 Chemistry
43:50 Gold Shaft Mining
46:58 Man-at-Arms
47:27 Gambesons
47:43 Squires
47:28 Arson
47:51 Scale Mail Armor
48:25 Chieftains
48:51 Long Swordsman
49:48 Two-Handed Swordsman
50:48 Chain Mail Armor
50:44 Forging
51:36 Champion
ecerva.27
6:51 Loom
9:26 Feudal Age
11:59 Double-Bit Axe
15:26 Wheelbarrow
19:10 Castle Age
21:54 Chemistry
22:20 Padded Archer Armor
25:41 Fletching
38:12 Leather Archer Armor
37:51 Elite Skirmisher
40:08 Hand Cart
40:20 Horse Collar
44:06 Imperial Age
43:18 Bodkin Arrow
43:24 Scale Mail Armor
45:22 Ring Archer Armor
46:57 Bow Saw
48:03 Conscription
47:54 Hussite Reforms
48:31 Pikeman
49:11 Squires
48:57 Arson
50:42 Bracer
50:58 Chain Mail Armor
50:54 Forging
Ромчик Бумчик
11:43 Feudal Age
12:50 Loom
16:58 Castle Age
15:50 Horse Collar
15:58 Double-Bit Axe
19:58 Wheelbarrow
23:03 Stone Mining
26:21 Hand Cart
26:25 Husbandry
27:29 Fletching
28:17 Scale Barding Armor
28:22 Forging
29:33 Bodkin Arrow
33:04 Bow Saw
32:45 Gold Mining
33:30 Stone Shaft Mining
33:02 Heavy Plow
34:41 Town Watch
35:33 Iron Casting
36:10 Light Cavalry
37:00 Bloodlines
37:07 Bloodlines
45:14 Imperial Age
44:12 Chain Barding Armor
46:00 Stone Shaft Mining
46:46 Conscription
47:10 Elite Monaspa
48:56 Padded Archer Armor
48:56 Bracer
49:36 Town Patrol
49:02 Elite Skirmisher
Connection lost

Rejoining the realm…

Still unreachable

The connection could not be restored.

Session expired

The server has moved on; the page needs a fresh start.